 Dungeon Crawl Stone Soup version 0.28.0-45-g0d030f2227 (webtiles) character file.

Game seed: 13461687180459880985

612477 kwass the Gnoll Aeon (level 27, 0/232 (240) HPs)
             Began as a Gnoll Wanderer on May 18, 2022.
             Was the Champion of Cheibriados.
             Slain by an Executioner (15 damage)
             ... while paralysed by accursed screaming
             ... on level 5 of the Abyss on May 26, 2022.
             The game lasted 11:07:38 (85894 turns).

kwass the Gnoll Aeon (Gnoll Wanderer)              Turns: 85894, Time: 11:07:39

HP:   0/232 (240)   AC: 50    Str: 29 (32) XL:     27
MP:   23/46         EV:  2    Int: 34 (37) God:    Cheibriados [******]
Gold: 9123          SH:  0    Dex: 33 (36) Spells: 10/64 levels left

rFire   + + .      SeeInvis .   s - +11 war axe "Rigodior" {vamp, rElec rF- rCorr}
rCold   + + +      Faith    .   b - +3 warlock's mirror {reflect}
rNeg    + + +      Spirit   .   t - +7 shadow dragon scales
rPois   ∞          Reflect  +   B - +2 helmet {Int+3}
rElec   +          Harm     .   c - +1 cloak of Utapsam {rC+}
rCorr   +          Rampage  .   d - +2 pair of gloves "Fimo" {rF+++}
Will    +++..      Clarity  +   q - +3 pair of boots of the Slightly Bent {rC++}
Stlth   +++++++++.              D - amulet of magic regeneration
HPRegen 0.00/turn               V - ring "Ysicyw" {Wiz Fly Dex+4}
MPRegen 0.70/turn               S - ring of the Distant Future {Drain rElec AC+4 Dex+2}

@: paralysed, agile, lich-form, death channelling, flying, inhibited regen,
studying 2 skills, lightly drained, very slow
A: draining attack, torment immunity, no potions, fangs 1, strong nose,
distributed training, clarity, robust 1, inhibited regeneration, strong 1
}: 3/15 runes: decaying, serpentine, silver
a: End Transformation, Renounce Religion, Bend Time, Temporal Distortion,
Slouch, Step From Time


You were on level 5 of the Abyss.
You worshipped Cheibriados.
Cheibriados was exalted by your worship.
You were an undead lich.
You visited 11 branches of the dungeon, and saw 50 of its levels.
You visited the Abyss 2 times.
You visited 1 bazaar.
You also visited: Bailey, Gauntlet, Ice Cave and Wizlab.

You collected 10344 gold pieces.
You spent 1221 gold pieces at shops.

Inventory:

Hand Weapons
 f - the +6 hand crossbow of Dithmenos's Esteem {elec, rPois Will- rCorr Int+3}
   (You found it in a Gauntlet)

   Any ammunition fired from it occasionally discharges a powerful burst of
   electricity upon striking a foe.
   Int:       It affects your intelligence (+3).
   rPois:     It protects you from poison.
   rCorr:     It protects you from acid and corrosion.
   Will:      It decreases your willpower.
 s - the +11 war axe "Rigodior" (weapon) {vamp, rElec rF- rCorr}
   (You took it off a minotaur in a Gauntlet)

   It occasionally heals its wielder for a portion of the damage dealt when it
   wounds a living foe.
   rF:        It makes you vulnerable to fire.
   rElec:     It insulates you from electricity.
   rCorr:     It protects you from acid and corrosion.
 F - the +8 mace "Duewarej" {flame, Int+4 Stlth+}
   (You found it on level 7 of the Dungeon)

   It burns those it strikes, dealing additional fire damage.
   Int:       It affects your intelligence (+4).
   Stlth:     It makes you more stealthy.
Missiles
 x - 878 bolts
 z - 7 curare-tipped darts
 M - 9 silver boomerangs
 N - 10 atropa-tipped darts
 O - 6 boomerangs of dispersal
 Q - 10 silver javelins (quivered)
Armour
 b - the +3 warlock's mirror (worn) {reflect}
   (You acquired it on level 7 of the Dungeon)

   It can block and reflect piercing ranged attacks and magical attacks against
   the wielder's willpower.
 c - the +1 cloak of Utapsam (worn) {rC+}
   (You found it on level 3 of the Elven Halls)

   rC:        It protects you from cold.
 d - the +2 pair of gloves "Fimo" (worn) {rF+++}
   (You found it on level 5 of the Lair of Beasts)

   rF:        It renders you almost immune to fire.
 q - the +3 pair of boots of the Slightly Bent (worn) {rC++}
   (You found it in a Gauntlet)

   rC:        It greatly protects you from cold.
 t - +7 shadow dragon scales (worn)
 B - a +2 helmet of intelligence (worn)
Jewellery
 m - the amulet of Nihoidat {rC+ Regen+ Int-3 SInv}
   (You took it off a deep elf high priest on level 3 of the Elven Halls)

   [amulet of regeneration]

   Int:       It affects your intelligence (-3).
   rC:        It protects you from cold.
   SInv:      It lets you see invisible.
   Regen:     It increases your rate of health regeneration.
 D - an amulet of magic regeneration (around neck)
 R - the amulet "Guth" {Reflect rElec Int+4 Dex-5 SH+5}
   (You took it off a deep elf annihilator on level 3 of the Elven Halls)

   [amulet of reflection]

   It reflects blocked missile attacks.
   Int:       It affects your intelligence (+4).
   Dex:       It affects your dexterity (-5).
   rElec:     It insulates you from electricity.
   SH:        It affects your SH (+5).
 S - the ring of the Distant Future (right hand) {Drain rElec AC+4 Dex+2}
   (You took it off a deep elf zephyrmancer on level 3 of the Elven Halls)

   [ring of protection]

   AC:        It affects your AC (+4).
   Dex:       It affects your dexterity (+2).
   rElec:     It insulates you from electricity.
   Drain:     It drains your maximum health when unequipped.
 V - the ring "Ysicyw" (left hand) {Wiz Fly Dex+4}
   (You took it off a deep elf sorcerer on level 3 of the Elven Halls)

   [ring of wizardry]

   It improves your spell success rate.
   Dex:       It affects your dexterity (+4).
   Fly:       It grants you flight.
Wands
 h - a wand of mindburst (36)
 j - a wand of charming (6)
 o - a wand of acid (16)
 C - a wand of digging (28)
 I - a wand of polymorph (18)
 J - a wand of iceblast (12)
 U - a wand of paralysis (19)
Scrolls
 i - 2 scrolls of summoning
 l - a scroll of fog
 r - 26 scrolls of teleportation
 v - 6 scrolls of fear
 A - 5 scrolls of magic mapping
 T - a scroll of torment
 Y - a scroll of brand weapon
 Z - 11 scrolls of enchant weapon
Potions
 a - 2 potions of brilliance
 e - 2 potions of magic
 g - 4 potions of resistance
 k - a potion of invisibility
 n - 4 potions of curing
 p - 3 potions of might
 H - a potion of berserk rage
 K - 2 potions of cancellation
 L - 5 potions of mutation
Miscellaneous
 u - a tin of tremorstones (2/2)
 y - a box of beasts
 E - a phantom mirror (inert)
 P - a condenser vane


   Skills:
 + Level 18.4 Fighting
 + Level 19.4 Short Blades
 + Level 19.5 Long Blades
 + Level 18.4 Axes
 + Level 18.4 Maces & Flails
 + Level 18.4 Polearms
 + Level 18.4 Staves
 + Level 18.4 Slings
 + Level 18.4 Bows
 + Level 18.4 Crossbows
 + Level 18.4 Throwing
 + Level 18.6 Armour
 + Level 18.9 Dodging
 + Level 18.4 Stealth
 + Level 18.4 Shields
 + Level 18.4 Unarmed Combat
 + Level 19.0 Spellcasting
 + Level 15.7 Conjurations
 + Level 16.7 Hexes
 + Level 15.7 Summonings
 + Level 15.7 Necromancy
 + Level 15.7 Translocations
 + Level 15.8 Transmutations
 + Level 15.7 Fire Magic
 + Level 15.7 Ice Magic
 + Level 15.7 Air Magic
 + Level 15.7 Earth Magic
 + Level 15.7 Poison Magic
 + Level 20.1 Invocations
 + Level 18.4 Evocations


You had 10 spell levels left.
You knew the following spells:

 Your Spells              Type           Power      Damage    Failure   Level
a - Iron Shot             Conj/Erth      48%        9d9       1%          6
b - Blink                 Tloc           100%       N/A       0%          2
c - Spellforged Servitor  Conj/Summ      48%        N/A       1%          7
d - Cause Fear            Hex            49%        N/A       1%          4
e - Wereblood             Tmut           96%        N/A       0%          2
f - Necromutation         Tmut/Necr      59%        N/A       14%         8
i - Dispersal             Tloc           48%        N/A       1%          6
j - Summon Cactus Giant   Summ           48%        N/A       1%          6
k - Death Channel         Necr           59%        N/A       1%          6
l - Monstrous Menagerie   Summ           48%        N/A       1%          7

Your spell library contained the following spells:

 Spells                   Type           Power      Damage    Failure   Level
 Beastly Appendage        Tmut           100%       N/A       0%          1
 Foxfire                  Conj/Fire      100%       2x1d9     0%          1
 Magic Dart               Conj           100%       1d8       0%          1
 Slow                     Hex            100%       N/A       0%          1
 Sting                    Tmut/Pois      100%       1d8       0%          1
 Summon Small Mammal      Summ           100%       N/A       0%          1
 Call Imp                 Summ           96%        N/A       0%          2
 Ensorcelled Hibernation  Hex/Ice        100%       N/A       0%          2
 Passwall                 Tmut/Erth      80%        N/A       0%          2
 Poisonous Vapours        Pois/Air       100%       N/A       0%          2
 Static Discharge         Conj/Air       96%        N/A       0%          2
 Sublimation of Blood     Necr           100%       N/A       0%          2
 Confusing Touch          Hex            98%        N/A       0%          3
 Conjure Flame            Conj/Fire      96%        6-21      0%          3
 Dazzling Flash           Conj/Hex       100%       N/A       0%          3
 Gell's Gravitas          Tloc           96%        N/A       0%          3
 Ignite Poison            Fire/Tmut/Pois 96%        N/A       0%          3
 Inner Flame              Hex/Fire       97%        N/A       0%          3
 Lesser Beckoning         Tloc           96%        N/A       0%          3
 Mephitic Cloud           Conj/Pois/Air  96%        N/A       0%          3
 Spider Form              Tmut/Pois      96%        N/A       0%          3
 Stone Arrow              Conj/Erth      100%       3d13      0%          3
 Summon Guardian Golem    Hex/Summ       97%        N/A       0%          3
 Swiftness                Air            96%        N/A       0%          3
 Teleport Other           Tloc           96%        N/A       0%          3
 Tukima's Dance           Hex            98%        N/A       0%          3
 Vampiric Draining        Necr           100%       2d13      0%          3
 Anguish                  Hex/Necr       60%        N/A       1%          4
 Animate Armour           Summ/Erth      100%       N/A       1%          4
 Animate Dead             Necr           59%        N/A       1%          4
 Dispel Undead            Necr           100%       3d31      1%          4
 Flame Wave               Conj/Fire      96%        2d16      1%          4
 Fulminant Prism          Conj/Hex       48%        3d21      1%          4
 Iskenderun's Mystic Bla  Conj/Tloc      96%        2d19      1%          4
 Leda's Liquefaction      Hex/Erth       48%        N/A       1%          4
 Olgreb's Toxic Radiance  Pois           96%        N/A       1%          4
 Passage of Golubria      Tloc           96%        N/A       1%          4
 Petrify                  Tmut/Erth      96%        N/A       1%          4
 Sticky Flame             Conj/Fire      96%        2d11      1%          4
 Summon Ice Beast         Ice/Summ       96%        N/A       1%          4
 Agony                    Necr           100%       N/A       1%          5
 Blade Hands              Tmut           48%        N/A       1%          5
 Borgnjor's Vile Clutch   Necr/Erth      59%        N/A       1%          5
 Freezing Cloud           Conj/Ice/Air   48%        6-21      1%          5
 Irradiate                Conj/Tmut      48%        3d29      1%          5
 Iskenderun's Battlesphe  Conj           96%        2d14      1%          5
 Lee's Rapid Deconstruct  Erth           48%        3d24*     1%          5
 Manifold Assault         Tloc           96%        N/A       1%          5
 Metabolic Englaciation   Hex/Ice        48%        N/A       1%          5
 Silence                  Hex/Air        48%        N/A       1%          5
 Summon Forest            Summ/Tloc      48%        N/A       1%          5
 Summon Mana Viper        Hex/Summ       97%        N/A       1%          5
 Yara's Violent Unravell  Hex/Tmut       48%        3d19      1%          5
 Starburst                Conj/Fire      48%        6d13      1%          6
 Statue Form              Tmut/Erth      64%        N/A       1%          6
 Dragon Form              Tmut           48%        N/A       1%          7
 Enfeeble                 Hex            49%        N/A       1%          7
 Haunt                    Necr/Summ      59%        N/A       1%          7
 Malign Gateway           Summ/Tloc      48%        N/A       1%          7
 Orb of Destruction       Conj           48%        9d13      1%          7
 Summon Hydra             Summ           48%        N/A       1%          7
 Discord                  Hex            49%        N/A       10%         8
 Borgnjor's Revivificati  Necr           59%        N/A       14%         8
 Disjunction              Tloc           48%        N/A       14%         8
 Ignition                 Fire           48%        3d14      14%         8
 Infestation              Necr           59%        N/A       14%         8
 Lehudib's Crystal Spear  Conj/Erth      48%        10d11     14%         8
 Chain Lightning          Conj/Air       48%        3d64      88%         9
 Death's Door             Necr           59%        N/A       88%         9
 Dragon's Call            Summ           48%        N/A       88%         9
 Fire Storm               Conj/Fire      48%        8d12      88%         9
 Shatter                  Erth           48%        3d37*     88%         9


Dungeon Overview and Level Annotations

Branches:
Dungeon (15/15)            Temple (1/1) D:7            Lair (6/6) D:10
  Swamp (4/4) Lair:2        Snake (4/4) Lair:3        Slime (0/5) Lair:5
    Orc (2/2) D:11            Elf (3/3) Orc:2        Vaults (5/5) D:14
  Crypt (3/3) Vaults:3       Tomb (3/3) Crypt:3      Depths (4/4) D:15
    Zot (0/5) Depths:4     Bailey (visited)           IceCv (visited)
 WizLab (visited)         Gauntlet (visited)

Altars:
Ashenzari
Cheibriados
Dithmenos
Elyvilon
Fedhas
Gozag
Hepliaklqana
Kikubaaqudgha
Makhleb
Nemelex Xobeh
Okawaru
Qazlal
Ru
Sif Muna
Trog
Uskayaw
Vehumet
Wu Jian
Xom
Yredelemnul
Zin
The Shining One
Beogh
Jiyva

Shops:
D:4 *   D:7 :   D:9 :   D:11 (   D:13 *   D:14 !   Orc:2 [=?[[   Elf:3 =
Snake:2 :   Snake:4 *:=:   Vaults:2 *   Crypt:2 **   Depths:3 *[

Portals:
Hell: Depths:1 Depths:2 Depths:3 Depths:4
Abyss: Depths:1 Depths:2 Depths:3
Pandemonium: Depths:1 Depths:2 Depths:3
Ziggurat: Depths:2

Annotations:
D:13 2 transporters, Xubass's ghost, journeyman DECj
Crypt:2 exclusion: obsidian statue
Tomb:3 Frederick


Innate Abilities, Weirdness & Mutations

You are an undead lich.
Your unarmed attacks are suffused with negative energy.
You are immune to unholy pain and torment.
Your necromantic spells are more powerful.
You cannot drink.
You are immune to poison.
You have very sharp teeth.
Your uncanny sense of smell can sniff out nearby items.
Your experience applies equally to all skills.
You possess an exceptional clarity of mind.
You are robust. (+10% HP)
You do not regenerate when monsters are visible.
Your muscles are strong. (Str +2)


Message History

The Executioner completely misses you. You block the Executioner's attack.
The Executioner completely misses you. You block the Executioner's attack.
The Executioner closely misses you. The Executioner completely misses you.
The Executioner hits you but does no damage.
The Executioner completely misses you. The Executioner misses you.
The ufetubus completely misses you.
The ufetubus splashes around in the water.
A cacodemon comes into view.
A blast of chaos appears from out of thin air!
The blast of chaos engulfs the starcursed mass but does no damage.
The Executioner completely misses you. x3
The ufetubus is engulfed in seething chaos.
The ufetubus seems to speed up.
The ufetubus completely misses you. x2
The ynoxinul completely misses you. The Executioner misses you.
The Executioner completely misses you. x2
The ufetubus is engulfed in seething chaos.
The ufetubus misses you.
The ufetubus splashes around in the water.
Your spellforged servitor gestures at the starcursed mass while chanting.
The iron shot hits the starcursed mass!!!
The starcursed mass is destroyed!
There is a gateway leading out of the Abyss here.
You block the Executioner's attack.
The Executioner hits you but does no damage.
The Executioner completely misses you. You block the sixfirhy's attack.
The Executioner completely misses you. The Executioner misses you.
You block the Executioner's attack.
The ufetubus is engulfed in seething chaos.
The ufetubus suddenly stops moving!
The sixfirhy completely misses you.
A cacophony of accursed wailing tears at your sanity!
* * * LOW HITPOINT WARNING * * *
You suddenly lose the ability to move!
The Executioner hits you but does no damage. x3
The ufetubus is engulfed in seething chaos.
The sixfirhy hits you but does no damage.
Your spectral great orb of eyes is engulfed in seething chaos.
The starcursed mass touches your spectral great orb of eyes but does no damage.
A starcursed mass appears from thin air!
The Executioner hits you!
You die...

.. ..####.. .#
.........
.###..#....#v ≈.#
.......#.(.. ≈≈≈.
#..XX#.X....
#≈≈≈.#9..5.......
# #≈≈≈Xw†XXX.....
#.X≈X≈X13.5.2..
..##.##XZ5L#3....
..Z #..X≈#.#....
.####..#÷..#...v.
.÷.††####.. ... .
#.#..§ #..#... ∆#
#..###### # # ##
# .


You could see 8 starcursed masses, a cacodemon, a tentacled starspawn (ally
target), an Executioner (fast), a spatial vortex, 3 large abominations, a
sixfirhy, a starspawn tentacle, 3 ufetubi, a friendly spellforged servitor
(summoned) and a friendly spectral great orb of eyes.

Vanquished Creatures
  An ancient lich (Crypt:3)
  19 royal mummies
  Sojobo (Depths:4)
  Bai Suzhen (Snake:3)
  Vashnia (Snake:2)
  The ghost of EtherCrawl the Warrior, a veteran MiFi of Okawaru (Crypt:2)
  A curse toe (Crypt:3)
  2 caustic shrikes (Depths:1)
  Jory (Crypt:2)
  A golden dragon (Depths:2)
  3 bone dragons
  An electric golem (WizLab)
  A tentacled monstrosity (Vaults:5)
  3 titans (Vaults:5)
  5 liches
  A deep elf master archer (Elf:3)
  Asterion (Vaults:2)
  A quicksilver dragon (Vaults:5)
  8 ancient champions
  A walking divine tome (Depths:2)
  3 sphinxes (Tomb:1)
  12 tentacled starspawn
  Roxanne (Snake:4)
  A thorn hunter (Swamp:4)
  6 tengu reavers
  4 storm dragons
  A nagaraja (Snake:2)
  A revenant (Crypt:2)
  Donald (Swamp:1)
  A daeva (Abyss:4)
  5 vault wardens
  3 frost giants
  2 orc warlords (Vaults:1)
  3 deep elf sorcerers
  6 fire giants
  7 ghouls
  19 ironbound preservers
  2 draconian stormcallers (Depths:4)
  4 caustic shrike skeletons (Crypt:3)
  8 very ugly things
  2 war gargoyles
  3 deep elf elementalists (Elf:3)
  2 reapers
  4 stone giants
  3 vampire knights
  2 bennus (Tomb:2)
  7 ironbound thunderhulks
  2 green draconians
  7 deep elf demonologists
  10 dire elephants
  A purple draconian (Depths:4)
  6 spark wasps
  3 eidola
  10 mummy priests
  A blizzard demon (Abyss:5)
  2 deep elf death magi
  9 ettins
  Josephine (D:14)
  5 crystal guardians
  3 jiangshi
  2 deep elf high priests
  6 yaktaur captains
  3 fire dragons
  10 vault guards
  A salamander tyrant (Snake:4)
  2 spriggan zombies
  4 naga warriors
  A boulder beetle (shapeshifter) (Vaults:4)
  3 ice dragons
  3 rakshasas
  3 peacekeepers
  4 great orbs of eyes
  4 boulder beetles
  2 ghost crabs (Swamp:2)
  10 anacondas
  8 ironbound frosthearts
  9 two-headed ogres
  2 spriggan skeletons
  7 centaur warriors
  14 hydras
  2 death knights (Crypt:1)
  8 alligators
  5 hell hogs
  A deep troll shaman (Depths:4)
  A deep troll earth mage (Depths:4)
  8 naga sharpshooters
  20 death scarabs
  3 tengu warriors (Depths:2)
  The ghost of NiggerDarts the Carver, a novice HuFi of Xom (D:10)
  3 thrashing horrors (Abyss:5)
  16 dancing weapons
  4 shock serpents
  5 vampire magi
  11 hell knights
  2 sun demons (Abyss:4)
  3 spriggan berserkers (Depths:4)
  Urug (Lair:1)
  10 deep elf knights
  5 shadow wraiths
  6 spriggans
  3 spectral anacondas (Snake:4)
  7 wretched stars
  4 salamander mystics
  2 iron trolls (Depths:2)
  4 spatial maelstroms (Abyss:5)
  3 goliath frogs
  17 skeletal warriors
  3 anaconda zombies (Snake:4)
  2 shadow demons
  A sixfirhy (Depths:3)
  A deep troll (shapeshifter) (Abyss:4)
  2 flayed ghosts
  52 deep trolls
  2 glowing orange brains (Vaults:2)
  6 anaconda skeletons
  5 naga ritualists
  7 swamp dragons
  2 spriggan druids (Swamp:3)
  4 lindwurms
  5 phantasmal warriors
  4 wizards
  5 bog bodies
  4 deep elf archers
  15 deep elf zephyrmancers
  9 mana vipers
  15 deep elf pyromancers
  13 ironbound convokers
  4 necromancers
  2 cyclopes
  7 orc knights
  A wolf spider zombie (D:15)
  34 ugly things
  A wolf spider (Lair:6)
  A fire giant zombie (Depths:3)
  2 manticores
  5 orc sorcerers
  A faun (shapeshifter) (Vaults:5)
  A will-o-the-wisp (Lair:2)
  8 salamanders
  A worldbinder (Abyss:2)
  2 iron dragon skeletons (Crypt:3)
  A stone giant skeleton (Crypt:3)
  A guardian serpent (shapeshifter) (Vaults:4)
  2 guardian serpents
  12 black mambas
  4 centaur zombies
  A rust devil (Depths:3)
  A frost giant skeleton (Crypt:1)
  12 elephants
  8 naga magi
  10 vault sentinels
  7 gargoyles
  3 torpor snails (Lair:6)
  8 cane toads
  2 ice statues
  2 unseen horrors (D:11)
  3 centaur skeletons
  A naga skeleton (Crypt:3)
  9 komodo dragons
  A dire elephant skeleton (Crypt:3)
  A storm dragon simulacrum (Depths:3)
  An alligator snapping turtle zombie (Crypt:2)
  A kobold demonologist (D:9)
  A sea snake zombie (Crypt:1)
  A hellion (Abyss:1)
  A bunyip simulacrum (Tomb:3)
  2 rime drakes (Lair:5)
  6 freezing wraiths
  13 yaktaurs
  8 anaconda simulacra
  An efreet (D:14)
  4 tengu conjurers
  2 hellwings (Abyss:1)
  2 red devils
  An entropy weaver simulacrum (IceCv)
  23 guardian mummies
  5 ancient zymes
  2 trolls
  A queen bee (shapeshifter) (D:9)
  6 ice devils
  16 large abominations
  3 merfolk (Vaults:3)
  A hornet (shapeshifter) (D:14)
  A meliai (Gauntlet)
  3 polar bears (Lair:5)
  An ettin zombie (Crypt:2)
  11 tyrant leeches
  9 blink frogs
  2 hydra skeletons
  A shadow dragon simulacrum (Crypt:1)
  2 harpy skeletons
  9 hornets
  A slime creature (shapeshifter) (Vaults:5)
  14 raiju
  14 slime creatures
  10 flying skulls
  A merfolk skeleton (Crypt:3)
  2 centaur simulacra
  3 shadows
  An air elemental (Elf:2)
  A wyvern (Lair:4)
  6 ynoxinuls
  7 wraiths
  3 dire elephant simulacra
  45 yaks
  A vampire (D:10)
  7 ushabtiu
  2 fire elementals
  6 water elementals
  A steam dragon (D:9)
  A redback (Vaults:2)
  11 small abominations
  4 chaos spawn (Abyss:5)
  A basilisk (Lair:2)
  3 harpy simulacra (IceCv)
  3 neqoxecs
  A glowing shapeshifter zombie (Crypt:2)
  17 nagas
  4 spatial vortices
  2 wargs
  3 acid dragons
  11 swamp worms
  6 water moccasins
  10 swamp drakes
  2 hell hounds (Orc:2)
  33 orc warriors
  2 hornet zombies
  3 black bears
  10 ogres
  5 ice beasts
  11 wolves
  10 centaurs
  5 phantoms
  18 nameless horrors
  9 bullfrogs
  A palentonga skeleton (Crypt:3)
  4 earth elementals
  A scorpion (D:10)
  A troll zombie (Crypt:1)
  An elephant simulacrum (IceCv)
  10 killer bees
  13 wights
  9 electric eels (D:10)
  A howler monkey (D:9)
  A basilisk zombie (Crypt:1)
  28 starcursed masses
  A hound (D:5)
  A human zombie (Crypt:1)
  2 jellies
  A bullfrog zombie (D:5)
  8 orc priests
  Crazy Yiuf (D:7)
  2 iron imps (Abyss:1)
  A bullfrog skeleton (D:6)
  Ijyb (D:3)
  A human skeleton (Crypt:1)
  2 iguanas (D:6)
  15 orc wizards
  2 lightning spires (WizLab)
  A troll simulacrum (IceCv)
  A felid skeleton (Crypt:2)
  32 mummies
  4 howler monkey zombies
  4 gnolls
  2 howler monkey skeletons
  5 adders
  A naga simulacrum (IceCv)
  10 white imps
  A howler monkey simulacrum (D:9)
  An ufetubus (D:6)
  A halfling zombie (Crypt:1)
  An adder skeleton (D:4)
  2 worms
  A dart slug (D:2)
  88 orcs
  7 endoplasms
  7 giant cockroaches
  18 goblins
  6 hobgoblins
  12 jackals
  8 kobolds
  6 quokkas
  4 ball pythons
  7 bats
  4 frilled lizards
  A frilled lizard zombie (Crypt:1)
  3 rats
  A river rat zombie (Crypt:2)
  A plant (Depths:2)
  12 starspawn tentacles
1606 creatures vanquished.

Vanquished Creatures (collateral kills)
  Mennas (Crypt:1)
  An ancient lich (Abyss:5)
  Mara (Vaults:3)
  A juggernaut (Depths:3)
  2 royal mummies (Tomb:1)
  Margery (Vaults:2)
  the Lernaean hydra (Swamp:4)
  Saint Roka (Vaults:3)
  2 caustic shrikes (Depths:1)
  3 golden dragons
  Jorgrun (Elf:1)
  A walking earthen tome (Depths:3)
  4 tentacled monstrosities
  A quicksilver dragon (Vaults:5)
  A deep elf blademaster (Elf:3)
  2 titans (Vaults:5)
  2 liches
  The ghost of NiggerDarts the Cloud Mage, an adept HuFi of Xom (Swamp:3)
  A walking frostbound tome (Depths:3)
  5 ancient champions
  4 shadow dragons
  6 sphinxes
  3 tentacled starspawn
  5 revenants
  2 daevas
  A storm dragon (Vaults:4)
  7 tengu reavers
  6 fire giants
  An orc warlord (Vaults:1)
  7 deep elf sorcerers
  A cacodemon (Abyss:5)
  4 nagarajas
  3 frost giants
  A caustic shrike zombie (Crypt:2)
  Aizul (Snake:1)
  2 curse skulls (Crypt:3)
  6 vault wardens
  3 ghouls
  2 deep elf elementalists (Elf:3)
  12 ironbound preservers
  4 caustic shrike skeletons
  8 very ugly things
  8 stone giants
  A reaper (Abyss:5)
  6 war gargoyles
  3 deep elf demonologists
  6 ironbound thunderhulks
  2 bennus (Tomb:2)
  Azrael (Orc:2)
  3 deep elf annihilators (Elf:3)
  An eleionoma (Swamp:2)
  A yellow draconian (Depths:4)
  A spark wasp (Depths:1)
  A juggernaut skeleton (Crypt:2)
  A red draconian (Depths:4)
  A minotaur (Gauntlet)
  9 dire elephants
  An entropy weaver (Vaults:2)
  An eidolon (Crypt:3)
  6 mummy priests
  An ettin (Vaults:5)
  2 deep elf death magi
  4 crystal guardians
  5 jiangshi
  2 deep elf high priests
  7 yaktaur captains
  3 great orbs of eyes
  6 naga warriors
  23 vault guards
  3 salamander tyrants
  2 rakshasas
  3 centaur warriors
  7 hydras
  7 anacondas
  5 boulder beetles
  8 peacekeepers
  A death knight (Crypt:2)
  2 ogre magi
  5 ironbound frosthearts
  4 alligators
  16 dancing weapons
  Erica (Orc:1)
  3 hell hogs
  3 two-headed ogres
  5 deep troll shamans
  7 death scarabs
  5 tengu warriors
  3 death yaks (Lair:6)
  5 naga sharpshooters
  7 thrashing horrors
  3 vampire magi
  A shock serpent (Snake:4)
  An orc high priest (Elf:2)
  A spriggan berserker (Depths:4)
  8 hell knights
  A titan skeleton (Crypt:3)
  2 soul eaters
  4 wretched stars
  2 iron trolls (Depths:2)
  26 skeletal warriors
  9 salamander mystics
  Nergalle (D:12)
  10 deep elf knights
  2 sixfirhies
  2 goliath frogs
  2 spatial maelstroms
  3 bog bodies
  A bunyip skeleton (Crypt:2)
  A storm dragon skeleton (Crypt:3)
  4 flayed ghosts
  7 naga ritualists
  51 deep trolls
  4 phantasmal warriors
  6 swamp dragons
  An anaconda skeleton (Snake:4)
  7 deep elf archers
  7 ironbound convokers
  5 wizards
  2 lindwurms (Lair:6)
  A ghost moth zombie (Crypt:2)
  9 orc knights
  4 necromancers
  14 deep elf zephyrmancers
  A wolf spider (Lair:6)
  16 deep elf pyromancers
  2 orc sorcerers
  A will-o-the-wisp (Swamp:4)
  11 ugly things
  4 mana vipers
  A manticore (D:11)
  11 salamanders
  6 elephants
  2 worldbinders
  2 centaur zombies (Tomb:1)
  An iron dragon skeleton (Crypt:3)
  12 black mambas
  An ice statue (IceCv)
  A stone giant skeleton (Crypt:3)
  A molten gargoyle (WizLab)
  An eye of devastation (Abyss:5)
  2 apocalypse crabs (Abyss:5)
  7 vault sentinels
  9 naga magi
  3 smoke demons
  6 orange demons
  2 gargoyles (WizLab)
  3 cane toads
  2 guardian serpents
  A torpor snail (Lair:6)
  A dire elephant zombie (Crypt:1)
  3 centaur skeletons
  A dire elephant skeleton (Crypt:3)
  3 unseen horrors
  3 rime drakes
  A hellion (Depths:1)
  17 yaktaurs
  A demonic crawler (Abyss:4)
  4 komodo dragons
  2 tengu conjurers
  2 hellwings (Abyss:1)
  2 anaconda simulacra (Snake:4)
  An efreet (D:12)
  A freezing wraith (Vaults:5)
  3 ancient zymes
  A tormentor (Abyss:4)
  15 guardian mummies
  2 meliai (Gauntlet)
  A troll (D:13)
  2 harpy skeletons (Crypt:3)
  A harpy zombie (Tomb:1)
  2 iron troll skeletons (Crypt:3)
  5 nameless horrors
  A tyrant leech (Swamp:1)
  A jumping spider zombie (Crypt:1)
  14 slime creatures
  A hornet (Depths:4)
  2 dream sheep (Lair:6)
  13 raiju
  9 blink frogs
  2 air elementals
  5 flying skulls (Tomb:1)
  A ynoxinul (Abyss:2)
  17 yaks
  4 water elementals
  7 wraiths
  2 spriggans
  7 ushabtiu
  A centaur simulacrum (D:14)
  A basilisk (shapeshifter) (Vaults:5)
  3 neqoxecs
  2 redbacks (Vaults:2)
  A dire elephant simulacrum (Crypt:2)
  5 basilisks
  3 chaos spawn
  5 fire elementals
  A golden eye (Abyss:4)
  11 large abominations
  3 swamp worms
  A vampire mosquito (D:11)
  A warg (Vaults:5)
  22 nagas
  2 spatial vortices
  3 water moccasins
  2 hell hounds (Orc:2)
  A naga skeleton (Crypt:1)
  3 swamp drakes (Swamp:4)
  A faun skeleton (Crypt:3)
  4 ice beasts (Lair:5)
  A two-headed ogre skeleton (Tomb:2)
  13 orc warriors
  2 necrophages
  7 ogres
  8 wolves
  A torpor snail zombie (Crypt:3)
  4 centaurs
  A swamp dragon skeleton (Crypt:2)
  2 bullfrogs (Lair:5)
  7 small abominations
  A komodo dragon skeleton (Crypt:3)
  3 earth elementals
  A wyvern skeleton (Crypt:3)
  A polar bear zombie (Crypt:3)
  A warg skeleton (Crypt:3)
  7 wights (Crypt:3)
  A howler monkey (D:14)
  A crimson imp (Abyss:2)
  19 starcursed masses
  4 jellies
  2 human zombies
  2 orc priests
  A human skeleton (Crypt:1)
  6 orc wizards
  A dwarf zombie (Crypt:3)
  A felid skeleton (Crypt:2)
  A hound zombie (Crypt:2)
  A hound skeleton (Crypt:3)
  15 mummies
  8 white imps
  10 orcs
  An endoplasm (Lair:5)
  8 starspawn tentacles
1019 creatures vanquished.

Vanquished Creatures (others)
  A fire giant (Depths:2)
  A centaur warrior (Vaults:2)
  A hell knight (Vaults:2)
  5 deep elf knights
  A spectral anaconda (Snake:4)
  A wizard (Vaults:2)
  A necromancer (Crypt:2)
  A deep elf zephyrmancer (Elf:3)
  A deep elf pyromancer (Elf:1)
  A salamander (WizLab)
  An elephant (Lair:2)
  A naga mage (Snake:4)
  A naga (Snake:4)
  A centaur (D:6)
  A bush (Lair:6)
  17 foxfires
  20 fungi
  2 lurking horrors
  68 plants
  42 starspawn tentacles
  A withered plant (Gauntlet)
169 creatures vanquished.

Grand Total: 2794 creatures vanquished

Notes
Turn   | Place    | Note
-------+----------+-------------------------------------------
     0 | D:1      | kwass the Gnoll Wanderer began the quest for the Orb.
     0 | D:1      | kwass set off with the following items: a +2 short sword, a
                  | +0 cloak, a +0 leather armour; and the following spell
                  | memorised: Sting; and the following spells available to
                  | memorise: Spider Form
     0 | D:1      | Reached XP level 1. HP: 13/13 MP: 6/6
   296 | D:1      | Reached XP level 2. HP: 19/19 MP: 7/7
   589 | D:1      | Found a faded altar of an unknown god.
   597 | D:1      | Prayed at the altar of an unknown god.
   597 | D:1      | Became a worshipper of Cheibriados the Contemplative
   597 | D:1      | Reached * piety under Cheibriados
   637 | D:1      | Reached XP level 3. HP: 16/25 MP: 9/9
   809 | D:1      | Reached skill level 5 in Spellcasting
  1128 | D:2      | Reached ** piety under Cheibriados
  1146 | D:2      | Reached skill level 1 in Fighting
  1146 | D:2      | Reached skill level 1 in Long Blades
  1146 | D:2      | Reached skill level 1 in Axes
  1146 | D:2      | Reached skill level 1 in Maces & Flails
  1146 | D:2      | Reached skill level 1 in Polearms
  1146 | D:2      | Reached skill level 1 in Staves
  1146 | D:2      | Reached skill level 1 in Slings
  1146 | D:2      | Reached skill level 1 in Bows
  1146 | D:2      | Reached skill level 1 in Crossbows
  1146 | D:2      | Reached skill level 1 in Throwing
  1146 | D:2      | Reached skill level 1 in Stealth
  1146 | D:2      | Reached skill level 1 in Shields
  1146 | D:2      | Reached skill level 1 in Unarmed Combat
  1146 | D:2      | Reached skill level 1 in Evocations
  1167 | D:2      | Learned a level 2 spell: Blink
  1202 | D:2      | Reached XP level 4. HP: 32/32 MP: 11/11
  1586 | D:3      | Noticed a phantom
  1595 | D:3      | Killed a phantom
  1596 | D:3      | Reached skill level 1 in Conjurations
  1596 | D:3      | Reached skill level 1 in Hexes
  1596 | D:3      | Reached skill level 1 in Summonings
  1596 | D:3      | Reached skill level 1 in Necromancy
  1596 | D:3      | Reached skill level 1 in Translocations
  1596 | D:3      | Reached skill level 1 in Fire Magic
  1596 | D:3      | Reached skill level 1 in Ice Magic
  1596 | D:3      | Reached skill level 1 in Air Magic
  1596 | D:3      | Reached skill level 1 in Earth Magic
  1596 | D:3      | Reached skill level 1 in Poison Magic
  1596 | D:3      | Reached skill level 3 in Invocations
  1596 | D:3      | Reached XP level 5. HP: 32/37 MP: 12/12
  1708 | D:3      | Found Odyfeecu's Antique Armour Boutique.
  2415 | D:3      | Reached *** piety under Cheibriados
  2513 | D:3      | Noticed Ijyb
  2523 | D:3      | Killed Ijyb
  2878 | D:4      | Found Manufaef's General Store.
  2916 | D:4      | Bought a potion of magic for 80 gold pieces
  2943 | D:4      | Reached XP level 6. HP: 35/44 MP: 13/13
  2946 | D:4      | Reached skill level 5 in Dodging
  3190 | D:4      | Reached XP level 7. HP: 50/50 MP: 15/15
  3330 | D:4      | Learned a level 2 spell: Poisonous Vapours
  3447 | D:4      | Reached **** piety under Cheibriados
  3820 | D:4      | Reached skill level 4 in Invocations
  4130 | D:5      | Entered Level 5 of the Dungeon
  4198 | D:5      | Reached XP level 8. HP: 51/57 MP: 16/16
  5657 | D:6      | Reached ***** piety under Cheibriados
  5929 | D:6      | Noticed a wraith
  5942 | D:6      | Killed a wraith
  5943 | D:6      | Reached skill level 5 in Invocations
  5943 | D:6      | Reached XP level 9. HP: 12/65 MP: 12/18
  7307 | D:7      | Reached skill level 5 in Armour
  7535 | D:7      | Noticed a two-headed ogre
  7548 | D:7      | Killed a two-headed ogre
  7551 | D:7      | Reached XP level 10. HP: 48/73 MP: 20/20
  7678 | D:7      | Found the +4 dagger "Morg" {pain, Will+ Int+5}
  7694 | D:7      | Found a runed translucent door.
  7694 | D:7      | Found the +6 shillelagh "Devastator" {shatter}
  7695 | D:7      | Noticed Crazy Yiuf
  7696 | D:7      | Identified the +8 mace "Duewarej" {flame, Int+4 Stlth+}
  7704 | D:7      | Killed Crazy Yiuf
  7720 | D:7      | Identified a scroll of acquirement
  7722 | D:7      | Acquired the +3 warlock's mirror {reflect}
  7722 | D:7      | Found the +3 warlock's mirror {reflect}
  7825 | D:7      | Found Numot's Book Emporium.
  7980 | D:7      | Found a staircase to the Ecumenical Temple.
  8083 | Temple   | Entered the Ecumenical Temple
  8741 | D:8      | Reached skill level 6 in Invocations
  8764 | D:8      | Noticed a two-headed ogre
  8771 | D:8      | Killed a two-headed ogre
  8772 | D:8      | Reached skill level 5 in Fighting
  8772 | D:8      | Reached skill level 5 in Long Blades
  8772 | D:8      | Reached skill level 5 in Axes
  8772 | D:8      | Reached skill level 5 in Maces & Flails
  8772 | D:8      | Reached skill level 5 in Polearms
  8772 | D:8      | Reached skill level 5 in Staves
  8772 | D:8      | Reached skill level 5 in Slings
  8772 | D:8      | Reached skill level 5 in Bows
  8772 | D:8      | Reached skill level 5 in Crossbows
  8772 | D:8      | Reached skill level 5 in Throwing
  8772 | D:8      | Reached skill level 5 in Stealth
  8772 | D:8      | Reached skill level 5 in Shields
  8772 | D:8      | Reached skill level 5 in Unarmed Combat
  8772 | D:8      | Reached skill level 5 in Evocations
  9303 | D:8      | Reached skill level 5 in Transmutations
  9627 | D:8      | Found a glowing silver altar of Zin.
  9848 | D:9      | Paralysed by a hornet for 1 turns
 10106 | D:9      | Found a flagged portal.
 10139 | Bailey   | Entered a bailey
 10415 | Bailey   | Reached XP level 11. HP: 59/81 MP: 22/22
 10537 | Bailey   | Reached skill level 7 in Invocations
 10546 | Bailey   | Identified the +5 executioner's axe of Capyny {venom, Str+4
                  | Int+4}
 10548 | Bailey   | Noticed an orc knight
 10548 | Bailey   | Noticed an orc knight
 10555 | Bailey   | Killed an orc knight
 10570 | Bailey   | Killed an orc knight
 10815 | D:9      | Learned a level 4 spell: Cause Fear
 10819 | D:9      | Found Omutikh's Book Shoppe.
 10882 | D:9      | Noticed a two-headed ogre
 10893 | D:9      | Killed a two-headed ogre
 10894 | D:9      | Reached skill level 5 in Conjurations
 10894 | D:9      | Reached skill level 5 in Hexes
 10894 | D:9      | Reached skill level 5 in Summonings
 10894 | D:9      | Reached skill level 5 in Necromancy
 10894 | D:9      | Reached skill level 5 in Translocations
 10894 | D:9      | Reached skill level 5 in Fire Magic
 10894 | D:9      | Reached skill level 5 in Ice Magic
 10894 | D:9      | Reached skill level 5 in Air Magic
 10894 | D:9      | Reached skill level 5 in Earth Magic
 10894 | D:9      | Reached skill level 5 in Poison Magic
 11385 | D:9      | Noticed a deep elf pyromancer
 11389 | D:9      | Killed a deep elf pyromancer
 11455 | D:9      | Noticed a stone giant
 11457 | D:9      | Noticed a cyclops
 11471 | D:9      | Killed a stone giant
 11662 | D:9      | Noticed a manticore
 11670 | D:9      | Killed a manticore
 11714 | D:9      | Noticed a white ugly thing
 11723 | D:9      | Killed a white ugly thing
 11783 | D:9      | Killed a cyclops
 12149 | D:10     | Entered Level 10 of the Dungeon
 12153 | D:10     | Learned a level 2 spell: Wereblood
 12159 | D:10     | Learned a level 5 spell: Summon Forest
 12493 | D:10     | Noticed a two-headed ogre
 12496 | D:10     | Found a runed translucent door.
 12496 | D:10     | Noticed NiggerDarts's ghost (novice HuFi)
 12504 | D:10     | Killed a two-headed ogre
 12672 | D:10     | Reached ****** piety under Cheibriados
 13073 | D:10     | Learned a level 5 spell: Summon Mana Viper
 13199 | D:10     | Reached skill level 8 in Invocations
 13232 | D:10     | Reached XP level 12. HP: 81/89 MP: 24/24
 13337 | D:10     | Killed NiggerDarts's ghost
 13353 | D:10     | Got the Disquisition on Clay
 13359 | D:10     | Learned a level 2 spell: Passwall
 13364 | D:10     | Learned a level 4 spell: Leda's Liquefaction
 13934 | D:10     | Found a staircase to the Lair.
 14184 | D:11     | Noticed a two-headed ogre
 14199 | D:10     | Killed a two-headed ogre
 14626 | D:11     | Noticed a boulder beetle
 14633 | D:11     | Killed a boulder beetle
 14636 | D:11     | Noticed a two-headed ogre
 14776 | D:11     | Killed a two-headed ogre
 14777 | D:11     | Reached skill level 10 in Short Blades
 15226 | D:11     | Found Roaqykku's Firing Range.
 15263 | D:11     | Found a staircase to the Orcish Mines.
 15287 | Orc:1    | Entered Level 1 of the Orcish Mines
 15623 | Orc:1    | Reached skill level 9 in Invocations
 15628 | Orc:1    | Reached XP level 13. HP: 26/98 MP: 26/26
 15948 | Orc:2    | Entered Level 2 of the Orcish Mines
 15948 | Orc:2    | Found Unaan's Antique Armour Shop.
 15948 | Orc:2    | Found a staircase to the Elven Halls.
 16023 | Orc:2    | Noticed Azrael
 16083 | Orc:2    | Killed Azrael
 16093 | Orc:1    | Noticed Erica
 16103 | Orc:1    | Killed Erica
 17046 | Orc:2    | Found Ecost's Magic Scroll Emporium.
 17046 | Orc:2    | Found Qam Lurch's Antique Armour Shop.
 17049 | Orc:2    | Found Zacsus's Armour Boutique.
 17051 | Orc:2    | Found Nuameywe's Jewellery Shoppe.
 17075 | Orc:2    | Bought a scroll of enchant armour for 97 gold pieces
 17075 | Orc:2    | Bought a scroll of teleportation for 39 gold pieces
 17075 | Orc:2    | Bought a scroll of enchant weapon for 97 gold pieces
 17075 | Orc:2    | Bought a scroll of teleportation for 39 gold pieces
 17327 | Orc:1    | Reached skill level 10 in Spellcasting
 17604 | Lair:1   | Entered Level 1 of the Lair of Beasts
 17613 | Lair:1   | Found a frozen archway.
 17656 | IceCv    | Entered an ice cave
 18207 | IceCv    | Reached skill level 10 in Dodging
 18207 | IceCv    | Reached skill level 10 in Invocations
 18210 | IceCv    | Reached XP level 14. HP: 56/106 MP: 25/28
 18425 | IceCv    | Learned a level 6 spell: Summon Cactus Giant
 18619 | Lair:1   | Noticed Urug
 18797 | Lair:1   | Killed Urug
 19438 | Lair:2   | Found a staircase to the Swamp.
 20742 | Lair:3   | Found a staircase to the Snake Pit.
 22205 | Lair:5   | Found a runed translucent door.
 22209 | Lair:5   | Found a viscous altar of Jiyva.
 22210 | Lair:5   | Found a staircase to the Slime Pits.
 22638 | Lair:5   | Reached skill level 10 in Armour
 23421 | Lair:5   | Identified the +2 pair of gloves "Fimo" {rF+++}
 23437 | Lair:6   | Entered Level 6 of the Lair of Beasts
 23466 | Lair:6   | Reached XP level 15. HP: 83/115 MP: 26/29
 23482 | Lair:6   | Reached skill level 11 in Invocations
 24206 | Lair:6   | Reached skill level 10 in Fighting
 24206 | Lair:6   | Reached skill level 10 in Long Blades
 24206 | Lair:6   | Reached skill level 10 in Axes
 24206 | Lair:6   | Reached skill level 10 in Maces & Flails
 24206 | Lair:6   | Reached skill level 10 in Polearms
 24206 | Lair:6   | Reached skill level 10 in Staves
 24206 | Lair:6   | Reached skill level 10 in Slings
 24206 | Lair:6   | Reached skill level 10 in Bows
 24206 | Lair:6   | Reached skill level 10 in Crossbows
 24206 | Lair:6   | Reached skill level 10 in Throwing
 24206 | Lair:6   | Reached skill level 10 in Stealth
 24206 | Lair:6   | Reached skill level 10 in Shields
 24206 | Lair:6   | Reached skill level 10 in Unarmed Combat
 24206 | Lair:6   | Reached skill level 10 in Evocations
 25656 | Swamp:1  | Entered Level 1 of the Swamp
 25923 | Swamp:1  | Noticed a tentacled monstrosity
 25930 | Swamp:1  | Killed a tentacled monstrosity
 26093 | Swamp:1  | Noticed Donald
 26101 | Swamp:1  | Killed Donald
 27144 | Swamp:2  | Reached XP level 16. HP: 123/123 MP: 31/31
 27202 | Swamp:2  | Identified the +6 broad axe of Floral Blind Justice {holy,
                  | rCorr}
 28233 | Swamp:3  | Reached skill level 12 in Invocations
 28771 | Swamp:3  | Found a runed translucent door.
 28771 | Swamp:3  | Noticed NiggerDarts's ghost (adept HuFi)
 28790 | Swamp:3  | Killed NiggerDarts's ghost
 29073 | Swamp:4  | Entered Level 4 of the Swamp
 29073 | Swamp:4  | Noticed a thorn hunter
 29078 | Swamp:4  | Killed a thorn hunter
 29555 | Swamp:4  | Got Sif Muna's Papyrus of Beguiling
 30330 | Swamp:4  | Noticed the 27-headed Lernaean hydra
 30342 | Swamp:4  | Killed the 27-headed Lernaean hydra
 31025 | Swamp:4  | Got a decaying rune of Zot
 31444 | Snake:1  | Entered Level 1 of the Snake Pit
 32062 | Snake:1  | You fall into a shaft and drop 1 floor!
 32095 | Snake:2  | Reached XP level 17. HP: 131/131 MP: 33/33
 32103 | Snake:2  | Learned a level 7 spell: Dragon Form
 32150 | Snake:2  | Gained mutation: You are dopey. (Int -2) [mutagenic glow]
 32230 | Snake:2  | Gained mutation: You are very dopey. (Int -4) [mutagenic
                  | glow]
 32234 | Snake:2  | Gained mutation: Your magical capacity is low. (-10% MP)
                  | [mutagenic glow]
 32270 | Snake:2  | Lost mutation: You are very dopey. (Int -4) [potion of
                  | mutation]
 32270 | Snake:2  | Lost mutation: Your magical capacity is low. (-10% MP)
                  | [potion of mutation]
 32270 | Snake:2  | Gained mutation: You are clumsy. (Dex -2) [potion of
                  | mutation]
 32271 | Snake:2  | Lost mutation: You are dopey. (Int -2) [potion of mutation]
 32271 | Snake:2  | Lost mutation: You are clumsy. (Dex -2) [potion of
                  | mutation]
 32271 | Snake:2  | Gained mutation: Your muscles are strong. (Str +2) [potion
                  | of mutation]
 32271 | Snake:2  | Gained mutation: You have hidden genetic defects. [potion
                  | of mutation]
 32272 | Snake:2  | Lost mutation: You have hidden genetic defects. [potion of
                  | mutation]
 32272 | Snake:2  | Lost mutation: Your muscles are strong. (Str +2) [potion of
                  | mutation]
 32272 | Snake:2  | Gained mutation: Your muscles are strong. (Str +2) [potion
                  | of mutation]
 32272 | Snake:2  | Gained mutation: You possess an exceptional clarity of
                  | mind. [potion of mutation]
 32272 | Snake:2  | Gained mutation: You are robust. (+10% HP) [potion of
                  | mutation]
 32693 | Snake:1  | Noticed Aizul
 32708 | Snake:1  | Killed Aizul
 32736 | Snake:1  | Reached skill level 10 in Transmutations
 32915 | Snake:1  | Found an ornate altar of the Wu Jian Council.
 33222 | Snake:2  | Noticed Vashnia
 33906 | Snake:2  | Killed Vashnia
 33918 | Snake:2  | Reached skill level 13 in Invocations
 34431 | Snake:2  | Found Ontoe's Book Emporium.
 34730 | Snake:3  | Reached skill level 10 in Conjurations
 34730 | Snake:3  | Reached skill level 10 in Hexes
 34730 | Snake:3  | Reached skill level 10 in Summonings
 34730 | Snake:3  | Reached skill level 10 in Necromancy
 34730 | Snake:3  | Reached skill level 10 in Translocations
 34730 | Snake:3  | Reached skill level 10 in Fire Magic
 34730 | Snake:3  | Reached skill level 10 in Ice Magic
 34730 | Snake:3  | Reached skill level 10 in Air Magic
 34730 | Snake:3  | Reached skill level 10 in Earth Magic
 34730 | Snake:3  | Reached skill level 10 in Poison Magic
 35111 | Snake:3  | Noticed Bai Suzhen
 35138 | Snake:3  | Killed Bai Suzhen
 36364 | Snake:4  | Entered Level 4 of the Snake Pit
 36506 | Snake:4  | Reached XP level 18. HP: 84/154 MP: 35/35
 36883 | Snake:4  | Noticed Roxanne
 36906 | Snake:4  | Killed Roxanne
 37445 | Snake:4  | Found Kety's Book Shoppe.
 37446 | Snake:4  | Found Guri's Jewellery Shop.
 37447 | Snake:4  | Found Atrouc's Book Shoppe.
 38006 | Snake:4  | Found Uteinnom's Assorted Antiques.
 38046 | Snake:4  | Acquired 820 gold pieces
 39161 | Snake:4  | Got a serpentine rune of Zot
 40002 | D:9      | Learned a level 6 spell: Iron Shot
 40157 | Elf:1    | Entered Level 1 of the Elven Halls
 40223 | Elf:1    | Paralysed by an air elemental for 1 turns
 40230 | Elf:1    | Paralysed by an air elemental for 1 turns
 40440 | Elf:1    | Got the Catalogue of the Entourage
 40511 | Elf:1    | Reached skill level 14 in Invocations
 40811 | Elf:1    | Noticed Jorgrun
 40818 | Elf:1    | Killed Jorgrun
 41049 | Elf:1    | Reached XP level 19. HP: 129/162 MP: 36/36
 42244 | Elf:1    | Noticed a Tzitzimitl
 42985 | Elf:2    | Found a gateway to a bazaar.
 42995 | Bazaar   | Entered a bazaar
 42995 | Bazaar   | Found Akoquequ's Antique Armour Shoppe.
 42995 | Bazaar   | Found Tets's Assorted Antiques.
 43013 | Bazaar   | Found Egipn's Weapon Shop.
 43057 | Bazaar   | Found Bel Yberph's General Store.
 43065 | Bazaar   | Bought a scroll of teleportation for 39 gold pieces
 43065 | Bazaar   | Bought a scroll of blinking for 97 gold pieces
 43232 | Elf:2    | Learned a level 7 spell: Spellforged Servitor
 43341 | Elf:2    | Found a runed translucent gate.
 43342 | Elf:2    | Found a runed translucent gate.
 43342 | Elf:2    | Found a runed translucent gate.
 44688 | Elf:3    | Entered Level 3 of the Elven Halls
 45393 | Elf:3    | Found Qukkidgh's Jewellery Shop.
 46219 | Elf:3    | Identified the amulet "Guth" {Reflect rElec Int+4 Dex-5
                  | SH+5}
 46535 | Elf:3    | Noticed an Ice Fiend
 46541 | Elf:3    | Reached XP level 20. HP: 170/171 MP: 16/38
 46544 | Elf:3    | Identified the amulet of Nihoidat {rC+ Regen+ Int-3 SInv}
 46547 | Elf:3    | Identified the ring "Ysicyw" {Wiz Fly Dex+4}
 46549 | Elf:3    | Identified the ring of the Distant Future {Drain rElec AC+4
                  | Dex+2}
 47443 | Elf:3    | Identified the +1 cloak of Utapsam {rC+}
 47505 | Elf:3    | Got Mnoleg's Grimoire of Illusion
 47511 | Elf:3    | Identified the +0 ring mail of Empeigg Jepi {rF- rC+++
                  | Str+7 Slay-3}
 47521 | Elf:3    | Identified the +8 hunting sling "Goblinbane" {vorpal, rF++}
 47899 | D:12     | Noticed Nergalle
 47909 | D:12     | Killed Nergalle
 48126 | D:12     | Found a bloodstained altar of Trog.
 48207 | D:12     | Reached skill level 15 in Invocations
 48746 | D:12     | Reached skill level 15 in Short Blades
 49278 | D:13     | Found a gate leading to a gauntlet.
 49287 | Gauntlet | Entered a Gauntlet
 49287 | Gauntlet | Found a transporter.
 49287 | Gauntlet | Found a transporter.
 49287 | Gauntlet | Found a transporter.
 49308 | Gauntlet | Found a transporter.
 49318 | Gauntlet | Found a transporter.
 49321 | Gauntlet | Found a transporter.
 49323 | Gauntlet | Found a large runed translucent door.
 49324 | Gauntlet | Found a large runed translucent door.
 49325 | Gauntlet | Found a large runed translucent door.
 49325 | Gauntlet | Found a large runed translucent door.
 49325 | Gauntlet | Found a runed translucent door.
 49325 | Gauntlet | Found a runed translucent door.
 49326 | Gauntlet | Found a large runed translucent door.
 49327 | Gauntlet | Found a large runed translucent door.
 49328 | Gauntlet | Found a large runed translucent door.
 49328 | Gauntlet | Found a large runed translucent door.
 49329 | Gauntlet | Found a large runed translucent door.
 49329 | Gauntlet | Found a large runed translucent door.
 49329 | Gauntlet | Found a large runed translucent door.
 49329 | Gauntlet | Found a large runed translucent door.
 49330 | Gauntlet | Found a large runed translucent door.
 49330 | Gauntlet | Found a large runed translucent door.
 49331 | Gauntlet | Found a large runed translucent door.
 49331 | Gauntlet | Found a large runed translucent door.
 49339 | Gauntlet | Found a runed translucent gate.
 49339 | Gauntlet | Found a runed translucent gate.
 49339 | Gauntlet | Found a runed translucent gate.
 49341 | Gauntlet | Found a transporter.
 49361 | Gauntlet | Found a transporter.
 49369 | Gauntlet | Found a transporter.
 49377 | Gauntlet | Found a transporter.
 49380 | Gauntlet | Found a transporter.
 49449 | Gauntlet | Found a transporter.
 49607 | Gauntlet | Identified the +3 pair of boots of the Slightly Bent {rC++}
 49620 | Gauntlet | Identified the +6 hand crossbow of Dithmenos's Esteem
                  | {elec, rPois Will- rCorr Int+3}
 49647 | Gauntlet | Identified the +11 war axe "Rigodior" {vamp, rElec rF-
                  | rCorr}
 49663 | Gauntlet | Got the Guide on Dislocation
 49667 | Gauntlet | Identified the +3 buckler "Raguci Epnu" {+Blink rF- Int+9
                  | Dex-5}
 49667 | Gauntlet | Identified the +0 leather armour of Asto {Slay+3}
 49835 | D:13     | Found a bloodstained altar of Trog.
 49835 | D:13     | Noticed Xubass's ghost (journeyman DECj)
 49914 | D:13     | Found a transporter.
 49933 | D:13     | Found a transporter.
 49948 | D:13     | Found Woec's Blood Bar.
 50040 | D:13     | Identified the +4 great sword of Precise Incision {drain,
                  | rElec Dex+4 Stlth-}
 50644 | D:14     | Found a gate to the Vaults.
 50691 | D:14     | Noticed Josephine
 50698 | D:14     | Killed Josephine
 50843 | D:14     | Found Lititzuy's Distillery.
 50850 | D:14     | Bought a potion of curing for 39 gold pieces
 50850 | D:14     | Bought a potion of cancellation for 104 gold pieces
 50850 | D:14     | Bought a potion of brilliance for 52 gold pieces
 50850 | D:14     | Bought a potion of heal wounds for 65 gold pieces
 50850 | D:14     | Bought a potion of mutation for 104 gold pieces
 51279 | D:15     | Entered Level 15 of the Dungeon
 51660 | D:15     | Found a staircase to the Depths.
 52329 | Vaults:1 | Entered Level 1 of the Vaults
 53138 | Vaults:1 | Reached XP level 21. HP: 181/181 MP: 39/39
 53145 | Vaults:1 | Learned a level 6 spell: Dispersal
 53978 | Vaults:2 | Found Zarhokat's Assorted Antiques.
 53983 | Vaults:2 | Bought a potion of curing for 54 gold pieces
 53983 | Vaults:2 | Bought a potion of might for 72 gold pieces
 53983 | Vaults:2 | Bought a pair of masterwork boots for 171 gold pieces
 53983 | Vaults:2 | Identified the +0 pair of boots of Filth {rElec Str+6
                  | Dex-3} (You bought it in a shop on level 2 of the Vaults)
 54024 | Vaults:2 | Reached skill level 15 in Spellcasting
 54578 | Vaults:2 | Reached skill level 15 in Dodging
 55116 | Vaults:2 | Noticed Margery
 55136 | Vaults:2 | Killed Margery
 55367 | Vaults:2 | Acquired 870 gold pieces
 55769 | Vaults:3 | Noticed Asterion
 55769 | Vaults:3 | Noticed Mara
 55772 | Vaults:3 | Noticed kwass's illusion
 55777 | Vaults:2 | Killed Asterion
 55851 | Vaults:3 | Reached skill level 16 in Invocations
 56341 | Vaults:3 | Found a staircase to the Crypt.
 56347 | Vaults:3 | Reached skill level 15 in Armour
 56435 | Vaults:3 | Reached XP level 22. HP: 191/191 MP: 20/41
 56601 | Vaults:3 | Identified the +10 halberd of Misery {holy, Will+}
 57107 | Vaults:3 | Noticed Saint Roka
 57128 | Vaults:3 | Killed Saint Roka
 57610 | Vaults:3 | Killed Mara
 57611 | Vaults:3 | Reached skill level 15 in Fighting
 57611 | Vaults:3 | Reached skill level 15 in Long Blades
 57611 | Vaults:3 | Reached skill level 15 in Axes
 57611 | Vaults:3 | Reached skill level 15 in Maces & Flails
 57611 | Vaults:3 | Reached skill level 15 in Polearms
 57611 | Vaults:3 | Reached skill level 15 in Staves
 57611 | Vaults:3 | Reached skill level 15 in Slings
 57611 | Vaults:3 | Reached skill level 15 in Bows
 57611 | Vaults:3 | Reached skill level 15 in Crossbows
 57611 | Vaults:3 | Reached skill level 15 in Throwing
 57611 | Vaults:3 | Reached skill level 15 in Stealth
 57611 | Vaults:3 | Reached skill level 15 in Shields
 57611 | Vaults:3 | Reached skill level 15 in Unarmed Combat
 57611 | Vaults:3 | Reached skill level 15 in Evocations
 57683 | Crypt:1  | Entered Level 1 of the Crypt
 58125 | Crypt:1  | Noticed Mennas
 58169 | Crypt:1  | Killed Mennas
 59177 | Crypt:2  | Noticed Jory
 59198 | Crypt:2  | Killed Jory
 59802 | Crypt:2  | Reached XP level 23. HP: 192/192 MP: 41/43
 60248 | Crypt:2  | Found a runed translucent gate.
 60248 | Crypt:2  | Found a runed translucent gate.
 60248 | Crypt:2  | Found a runed translucent gate.
 60249 | Crypt:2  | Noticed EtherCrawl's ghost (veteran MiFi)
 60250 | Crypt:2  | Found an opulent altar of Gozag.
 60256 | Crypt:2  | Found Fuumug's Assorted Antiques.
 60257 | Crypt:2  | Found Bymnuut's Assorted Antiques.
 60325 | Crypt:2  | Killed EtherCrawl's ghost
 60866 | Crypt:3  | Entered Level 3 of the Crypt
 60907 | Crypt:3  | Reached skill level 17 in Invocations
 61174 | Crypt:3  | Reached XP level 24. HP: 207/207 MP: 32/43
 61679 | Crypt:3  | Noticed an ancient lich
 61694 | Crypt:3  | Killed an ancient lich
 62297 | Crypt:3  | Found a staircase to the Tomb.
 62425 | Crypt:3  | Learned a level 6 spell: Death Channel
 62549 | Crypt:3  | Noticed a curse toe
 62556 | Crypt:3  | Killed a curse toe
 63162 | Tomb:1   | Entered Level 1 of the Tomb of the Ancients
 63437 | Tomb:1   | Noticed a royal mummy
 63458 | Tomb:1   | Killed a royal mummy
 63557 | Tomb:1   | Noticed a royal mummy
 63699 | Tomb:1   | Found the +3 pair of seven-league boots {Rampage+∞}
 63782 | Tomb:1   | Killed a royal mummy
 64078 | Tomb:1   | Got the Grimoire of Transmigration and Clay
 64955 | Tomb:2   | Noticed a royal mummy
 64955 | Tomb:2   | Noticed a royal mummy
 64955 | Tomb:2   | Noticed a royal mummy
 64955 | Tomb:2   | Noticed a royal mummy
 64985 | Tomb:2   | HP: 8/203 [??? (6)]
 65215 | Tomb:1   | Killed a royal mummy
 65594 | Tomb:2   | Identified the +7 hand axe "Etohucuhi" {vorpal, rPois rCorr
                  | Int+3}
 65752 | Tomb:2   | Killed a royal mummy
 65782 | Tomb:2   | HP: 9/210 [??? (6)]
 65782 | Tomb:2   | HP: 4/210 [royal mummy/the +7 hand axe "Etohucuhi" {vorpal,
                  | rPois rCorr Int+3} (5)]
 65823 | Tomb:2   | Killed a royal mummy
 66458 | Tomb:1   | Noticed a royal mummy
 66463 | Tomb:1   | Noticed a royal mummy
 66472 | Tomb:1   | Killed a royal mummy
 66478 | Tomb:1   | Noticed a royal mummy
 66483 | Tomb:1   | Killed a royal mummy
 66629 | Tomb:1   | Killed a royal mummy
 66629 | Tomb:1   | HP: 9/315 [something (26)]
 66826 | Tomb:1   | Noticed a royal mummy
 66842 | Tomb:1   | Killed a royal mummy
 66843 | Tomb:1   | Reached XP level 25. HP: 101/216 MP: 40/43
 66989 | Tomb:1   | Noticed a royal mummy
 66993 | Tomb:1   | Noticed a royal mummy
 67900 | Vaults:4 | Reached skill level 18 in Invocations
 68813 | Vaults:4 | Learned a level 7 spell: Monstrous Menagerie
 69342 | Vaults:5 | Entered Level 5 of the Vaults
 70413 | Vaults:5 | Reached XP level 26. HP: 213/227 MP: 14/44
 71017 | Vaults:5 | Identified the +13 chain mail of the Gloaming {*Corrode
                  | +Inv Dex+4}
 71036 | Vaults:5 | Got a silver rune of Zot
 71531 | Vaults:5 | Identified the +0 ring mail of Weetoo {Int-3 Dex+4}
 71722 | Vaults:5 | Got the Almanac of Contamination and the Arsonist
 71741 | Vaults:5 | Identified the +3 war axe "Heiw" {antimagic, rPois Dex-2
                  | Stlth+}
 71760 | Vaults:5 | Identified the +7 morningstar "Grim" {antimagic, rElec
                  | rPois rN++ Str-3}
 71795 | Vaults:5 | Identified the +3 hunting sling "Giantbane" {flame, rF++
                  | Str-4 Dex+4 SInv}
 72305 | Vaults:3 | Learned a level 8 spell: Necromutation
 72822 | Tomb:1   | Killed a royal mummy
 73183 | Tomb:1   | Noticed a royal mummy
 73196 | Tomb:1   | Killed a royal mummy
 73463 | Tomb:1   | Noticed a royal mummy
 73466 | Tomb:1   | Noticed a royal mummy
 73471 | Tomb:1   | Noticed a royal mummy
 73814 | Tomb:1   | Killed a royal mummy
 74023 | Tomb:1   | HP: 8/228 [royal mummy/divine providence (9)]
 74526 | Tomb:1   | Killed a royal mummy
 74555 | Tomb:1   | Noticed a royal mummy
 74574 | Tomb:1   | Killed a royal mummy
 74643 | Tomb:1   | Killed a royal mummy
 74745 | Tomb:1   | Noticed a royal mummy
 74755 | Tomb:1   | Killed a royal mummy
 74756 | Tomb:1   | Reached skill level 19 in Invocations
 74766 | Tomb:1   | Noticed a royal mummy
 74778 | Tomb:1   | Killed a royal mummy
 74786 | Tomb:1   | Killed a royal mummy
 74787 | Tomb:1   | Reached skill level 15 in Transmutations
 75013 | Tomb:1   | Killed a royal mummy
 75014 | Tomb:1   | Reached skill level 15 in Hexes
 76204 | Tomb:3   | Entered Level 3 of the Tomb of the Ancients
 76212 | Tomb:3   | Noticed a royal mummy
 76220 | Tomb:3   | Noticed a royal mummy
 76223 | Tomb:3   | Noticed a royal mummy
 76226 | Tomb:3   | Noticed a royal mummy
 76229 | Tomb:3   | Reached skill level 15 in Conjurations
 76229 | Tomb:3   | Reached skill level 15 in Summonings
 76229 | Tomb:3   | Reached skill level 15 in Necromancy
 76229 | Tomb:3   | Reached skill level 15 in Translocations
 76229 | Tomb:3   | Reached skill level 15 in Fire Magic
 76229 | Tomb:3   | Reached skill level 15 in Ice Magic
 76229 | Tomb:3   | Reached skill level 15 in Air Magic
 76229 | Tomb:3   | Reached skill level 15 in Earth Magic
 76229 | Tomb:3   | Reached skill level 15 in Poison Magic
 76230 | Tomb:3   | Paralysed by a Zot trap for 3 turns
 76232 | Tomb:3   | Killed a royal mummy
 76233 | Tomb:3   | Reached XP level 27. HP: 128/236 MP: 36/45
 76235 | Tomb:3   | Noticed a royal mummy
 76241 | Tomb:3   | Identified the +2 leather armour of Guecer {rPois Stlth+}
 76241 | Tomb:3   | Noticed a royal mummy
 76245 | Tomb:3   | Noticed a royal mummy
 76246 | Tomb:3   | Noticed Frederick
 76251 | Tomb:3   | Found the +8 lance "Wyrmbane" {slay drac, rPois rF+ rC+
                  | AC+3}
 76719 | Tomb:2   | Killed a royal mummy
 78003 | Depths:1 | Entered Level 1 of the Depths
 78053 | Depths:1 | Found a gateway to Hell.
 78053 | Depths:1 | Found a one-way gate to the infinite horrors of the Abyss.
 78273 | Depths:1 | Found a one-way gate leading to the halls of Pandemonium.
 78345 | Depths:1 | You are sucked into a shaft and drop 1 floor!
 78680 | Depths:2 | Found a one-way gateway to a ziggurat.
 79516 | Depths:2 | Found a white marble altar of Elyvilon.
 79609 | Depths:3 | Gained mutation: You do not regenerate when monsters are
                  | visible. [mutagenic glow]
 79629 | Depths:3 | Found Rarurr's General Store.
 79648 | Depths:3 | Found a magical portal.
 79653 | WizLab   | Entered Maxwell's Workshop
 79712 | WizLab   | Identified the ring "Epaocler" {Ice rElec Str-2 SInv}
 79856 | WizLab   | Identified the +8 mace "Undertaker" {holy, rC+ Dex+3}
 80277 | WizLab   | Identified the ring "Qoghajoo" {Fire Fly rPois Slay-3}
 80409 | Depths:3 | Found Utyxt's Armour Shoppe.
 80710 | Depths:3 | Bought a scroll of teleportation for 72 gold pieces
 81398 | Depths:3 | Noticed a juggernaut
 81414 | Depths:3 | Killed a juggernaut
 81589 | Depths:3 | Found the dreamshard necklace {*Dream Drain}
 81591 | Depths:3 | Identified the +3 plate armour of Inaction {rPois Str+4
                  | Dex+4}
 81596 | Depths:3 | Got the Handbook of Companions
 81766 | Depths:4 | Entered Level 4 of the Depths
 82043 | Depths:4 | Found a gate to the Realm of Zot.
 82671 | Depths:4 | Reached skill level 20 in Invocations
 82769 | Depths:4 | Noticed Sojobo
 82786 | Depths:4 | Killed Sojobo
 83551 | Depths:3 | Voluntarily entered the Abyss.
 83729 | Abyss:1  | Paralysed by accursed screaming for 1 turns
 83829 | Abyss:1  | Found an opulent altar of Gozag.
 83967 | Abyss:1  | Found a corrupted altar of Lugonu.
 83990 | Depths:3 | Escaped the Abyss
 84063 | Depths:3 | Voluntarily entered the Abyss.
 84136 | Abyss:2  | Found a corrupted altar of Lugonu.
 84195 | Abyss:2  | Found a corrupted altar of Lugonu.
 85179 | Abyss:5  | Entered Level 5 of the Abyss
 85234 | Abyss:5  | Noticed an ancient lich
 85241 | Abyss:5  | Killed an ancient lich
 85655 | Abyss:5  | Paralysed by accursed screaming for 2 turns
 85666 | Abyss:5  | Paralysed by accursed screaming for 1 turns
 85884 | Abyss:5  | Paralysed by accursed screaming for 1 turns
 85890 | Abyss:5  | Paralysed by accursed screaming for 1 turns
 85893 | Abyss:5  | Paralysed by accursed screaming for 2 turns
 85894 | Abyss:5  | Slain by an Executioner

Illustrated notes

Levels and vault maps discovered:
D:1:      lightli_arrival_chessboard, layout_basic, basic_ecumenical_altar,
          chequers_serial_rivers_micro_c
D:2:      layout_rooms, minmay_box_of_dots
D:3:      kennysheep_goblin_castle, layout_loops_ring, serial_shops,
          nicolae_shop_statue_plus, chequers_serial_rivers_room_a,
          item_on_display_b
D:4:      layout_loops_ring, serial_shops, shop
D:5:      layout_basic
D:6:      layout_layer_cave, st_stairs_7, grunt_decor_resistance
D:7:      layout_rooms, minmay_temple_entry_water_ring, serial_shops,
          nicolae_square_shop, uniq_crazy_yiuf_cottage
D:8:      layout_basic, kennysheep_mini_moat, special_room [special_room_orc]
D:9:      layout_basic, enter_bailey_5, nicolae_stop_n_shop_1, minmay_evil_grid
D:10:     layout_layer_cave, grunt_lair_entry_orc_guard_hut, serial_bayou,
          serial_bayou_lake_a, serial_bayou_pond_e, serial_bayou_lagoon_a,
          serial_bayou_pond_e, hellmonk_ghost_big_iron, nrook_pool_corridor
D:11:     kennysheep_blocky_room, layout_long_grid, chequers_avenue,
          nicolae_shop_firing_range
D:12:     layout_grid_maze, trog_three_pillars_becter, uniq_nergalle
D:13:     layout_roguey, gauntlet_entry_generic,
          gammafunk_ghost_wrathful_warriors, minmay_liquid_box,
          minmay_hedge_maze, guppyfry_shop_blood
D:14:     layout_small_grid, david_vaults_4, serial_shops, nicolae_shop_trees,
          serial_park_paths [serial_park_minivault_5x5_5], uniq_josephine
D:15:     grunt_enter_depths_magical_seal, layout_loops_cross,
          minmay_misc_feat_iff
Temple:   mainiacjoe_temple_starburst
Lair:1:   layout_misc_corridors, portal_ice_cave_entry_imps, uniq_urug
Lair:2:   layout_regular_city, minmay_swamp_entry_wisps, grunt_megastairs_5
Lair:3:   layout_cave_pods, dummy_snake_entry
Lair:4:   layout_cave_pods
Lair:5:   layout_cave_pods, slime_altar_2, ice2_lemuel
Lair:6:   hangedman_lair_in_review, layout_hall_layers, serial_bayou_pond_e,
          pond
Swamp:1:  layout_basic_swamp, hangedman_swamp_blocks, swamp_pool1, uniq_donald
Swamp:2:  layout_basic_swamp, evilmike_swamp_ruin_rubble_2
Swamp:3:  layout_basic_swamp, gammafunk_ghost_grave, serial_swamp_ruin,
          evilmike_swamp_ruin_house_5, evilmike_swamp_ruin_house_1, swamp_pool5,
          infiniplex_staircase_pool
Swamp:4:  swamp_old_school, layout_basic_swamp
Snake:1:  layout_rooms, basic_altar, uniq_aizul
Snake:2:  layout_onion_interference, serial_shops, shop, uniq_vashnia
Snake:3:  layout_misc_corridors, uniq_bai_suzhen
Snake:4:  johnstein_snake_rune_scales, layout_misc_corridors, special_room,
          serial_shops, shop, nicolae_snake_dead_anacondas, minmay_shop_grove,
          uniq_roxanne
Orc:1:    layout_diamond_mine, uniq_erica
Orc:2:    st_orc_rangers, layout_caves, serial_shops, shop, uniq_azrael
Elf:1:    nicolae_elf_arrival_aired_out, layout_loops_corners,
          minmay_elf_demonology, uniq_jorgrun
Elf:2:    nicolae_elf_blades_crystal_corner, layout_gridlike, serial_shops,
          bzr_entry_islet
Elf:3:    minmay_elf_hall_x, layout_gridlike, serial_shops, shop
Vaults:1: grunt_vaults_bifocal, vaults_mumra_hex, nicolae_vaults_shelves_hall,
          vaults_room_fours, nicolae_vaults_mini_display_case,
          ontoclasm_vaults_eye, vaults_dpeg_encased_lava, v_misc_13,
          grunt_vaults_swirl, layout_vaults_big_room
Vaults:2: vaults_room_boxed, v_alt_pattern_6, v_pattern_3,
          nicolae_vaults_big_angled_halls, vaults_room_stairs_pillars,
          dpeg_vaults_monster_box, vaults_dpeg_diagonal, hangedman_vaults_trim,
          layout_vaults_omnigrid, serial_shops, nicolae_shop_hallway_plus,
          uniq_margery
Vaults:3: nicolae_vaults_bisected_slash, minmay_crypt_entry_simple_corners,
          grunt_vaults_focal, v_pattern_4, vaults_dpeg_doors,
          nicolae_vaults_angled_halls, ontoclasm_vaults_misaligned,
          vaults_dpeg_cross, v_misc_27, vaults_room_fours,
          vaults_standard_mumra_x, grunt_vaults_funnel, hangedman_vaults_pinch,
          layout_vaults_ring, uniq_asterion, uniq_mara, uniq_saint_roka
Vaults:4: ontoclasm_vaults_misaligned, nicolae_vaults_what_the_h,
          hangedman_vaults_corner, v_misc_8, nicolae_vaults_octagons,
          ontoclasm_vaults_chip, vaults_room_semicircle,
          nicolae_vaults_network_s, hangedman_vaults_slice,
          vaults_mumra_hexcomb, vaults_dpeg_hooks, layout_vaults_big_cross
Vaults:5: serial_shops
Crypt:1:  layout_chaotic_city, grunt_crypt_arrival_guarded_gate, uniq_mennas
Crypt:2:  layout_gridlike, ebering_ghost_gozag, grunt_megastairs_1, uniq_jory
Crypt:3:  due_elkab, layout_chaotic_city, minmay_misc_feat_columns
Tomb:1
Tomb:2
Tomb:3:   uniq_frederick
Depths:1: layout_cave_pools, hell_entry, corexii_hall_statues_i,
          rand_demon_pan_entry_5, abyss_entry, minmay_misc_feat_doors,
          serial_bayou_crossing
Depths:2: minmay_curly_fans, layout_long_grid, ziggurat_fallback,
          minmay_strange_pillars, abyss_entry, grunt_hell_entry_dis_mu,
          pan_entry, nicolae_elyvilon_temple_path, minmay_staircase_statues
Depths:3: minmay_broken_ring, layout_gridlike, rand_demon_pan_entry_3,
          mu_enter_wizlab_2, abyss_entry, hell_entry, serial_shops, shop,
          nicolae_square_shop, infiniplex_staircase_zigzag_5
Depths:4: evilmike_zot_entry_argh, layout_basic, serial_sigils_hangedman_etch,
          grunt_metal_band, uniq_sojobo
Abyss:5:  base: Slime:2, evilmike_nicolae_abyss_rune_containment_curve,
          serial_sigils_hangedman_shear, gammafunk_abyss_rune_reverse_zot,
          minivault_28, evilmike_nicolae_abyss_rune_betentacled_crabyss

Skill      XL: |  1  2  3  4  5  6  7  8  9 10 11 12 13 14 15 16 17 18 19 20 21 22 23 24 25 26 27 |
---------------+----------------------------------------------------------------------------------+-----
Transmutations | 2 3 4 5 6 7 8 9 10 11 12 13 14 15 | 15.8
Spellcasting   | 5 6 7 8 9 10 11 12 13 14 15 16 17 18 19 | 19.0
Fighting       | 1 2 3 4 5 6 7 8 9 10 11 12 13 14 15 16 17 18 | 18.4
Long Blades    | 1 2 3 4 5 6 7 8 9 10 11 12 13 14 15 16 17 19 | 19.5
Axes           | 1 2 3 4 5 6 7 8 9 10 11 12 13 14 15 16 17 18 | 18.4
Maces & Flails | 1 2 3 4 5 6 7 8 9 10 11 12 13 14 15 16 17 18 | 18.4
Polearms       | 1 2 3 4 5 6 7 8 9 10 11 12 13 14 15 16 17 18 | 18.4
Staves         | 1 2 3 4 5 6 7 8 9 10 11 12 13 14 15 16 17 18 | 18.4
Slings         | 1 2 3 4 5 6 7 8 9 10 11 12 13 14 15 16 17 18 | 18.4
Bows           | 1 2 3 4 5 6 7 8 9 10 11 12 13 14 15 16 17 18 | 18.4
Crossbows      | 1 2 3 4 5 6 7 8 9 10 11 12 13 14 15 16 17 18 | 18.4
Throwing       | 1 2 3 4 5 6 7 8 9 10 11 12 13 14 15 16 17 18 | 18.4
Stealth        | 1 2 3 4 5 6 7 8 9 10 11 12 13 14 15 16 17 18 | 18.4
Shields        | 1 2 3 4 5 6 7 8 9 10 11 12 13 14 15 16 17 18 | 18.4
Unarmed Combat | 1 2 3 4 5 6 7 8 9 10 11 12 13 14 15 16 17 18 | 18.4
Evocations     | 1 2 3 4 5 6 7 8 9 10 11 12 13 14 15 16 17 18 | 18.4
Conjurations   | 1 2 3 4 5 6 7 8 9 10 11 12 13 14 15 | 15.7
Hexes          | 1 2 3 4 5 6 7 8 9 10 11 12 13 14 15 16 | 16.7
Summonings     | 1 2 3 4 5 6 7 8 9 10 11 12 13 14 15 | 15.7
Necromancy     | 1 2 3 4 5 6 7 8 9 10 11 12 13 14 15 | 15.7
Translocations | 1 2 3 4 5 6 7 8 9 10 11 12 13 14 15 | 15.7
Fire Magic     | 1 2 3 4 5 6 7 8 9 10 11 12 13 14 15 | 15.7
Ice Magic      | 1 2 3 4 5 6 7 8 9 10 11 12 13 14 15 | 15.7
Air Magic      | 1 2 3 4 5 6 7 8 9 10 11 12 13 14 15 | 15.7
Earth Magic    | 1 2 3 4 5 6 7 8 9 10 11 12 13 14 15 | 15.7
Poison Magic   | 1 2 3 4 5 6 7 8 9 10 11 12 13 14 15 | 15.7
Invocations    | 3 4 5 6 8 9 10 11 12 13 14 15 16 17 18 19 20 | 20.1
Armour         | 3 4 5 6 7 8 9 10 11 12 13 14 15 16 17 18 | 18.6
Dodging        | 5 6 7 8 9 10 11 12 13 14 15 16 17 18 | 18.9
Short Blades   | 7 8 9 10 11 12 13 14 15 16 17 18 19 | 19.4

Action                   |  1- 3 |  4- 6 |  7- 9 | 10-12 | 13-15 | 16-18 | 19-21 | 22-24 | 25-27 || total
-------------------------+-------+-------+-------+-------+-------+-------+-------+-------+-------++-------
Melee: Short sword       |    84 |    18 |    93 |       |       |       |       |       |       ||   195
       Bite              |     5 |     1 |    35 |    72 |   148 |   126 |   125 |   192 |   463 ||  1167
       Punch             |     1 |       |     8 |       |       |       |       |       |       ||     9
       Dagger            |       |       |    98 |     3 |     9 |    42 |       |       |       ||   152
       Falchion          |       |       |    16 |       |       |       |       |       |       ||    16
       War axe           |       |       |    51 |    35 |       |       |   243 |   797 |  1815 ||  2941
       Long sword        |       |       |    13 |       |       |       |       |       |       ||    13
       Mace              |       |       |       |   444 |   805 |   752 |   362 |       |       ||  2363
       Scimitar          |       |       |       |       |     8 |       |       |       |       ||     8
       Hand crossbow     |       |       |       |       |       |       |     1 |       |       ||     1
 Fire: Fustibalus        |       |   117 |    67 |       |       |       |       |       |       ||   184
       Hand crossbow     |       |       |       |       |       |       |   359 |   109 |       ||   468
Throw: Boomerang         |       |       |    16 |    36 |   207 |    51 |       |   161 |    24 ||   495
       Dart              |       |       |       |       |       |    51 |    47 |     6 |     1 ||   105
       Throwing net      |       |       |       |       |       |     4 |       |       |       ||     4
       Javelin           |       |       |       |       |       |     6 |     9 |    13 |    33 ||    61
 Cast: Sting             |     1 |     2 |     1 |       |       |       |       |       |       ||     4
       Poisonous Vapours |       |       |     1 |       |       |     1 |       |       |       ||     2
       Summon Mana Viper |       |       |       |    18 |   105 |   115 |    52 |     3 |       ||   293
       Leda's Liquefacti |       |       |       |     1 |     1 |       |       |       |       ||     2
       Summon Cactus Gia |       |       |       |       |    23 |   112 |    75 |    61 |    46 ||   317
       Summon Forest     |       |       |       |       |     1 |     1 |       |       |       ||     2
       Cause Fear        |       |       |       |       |       |     1 |       |       |       ||     1
       Wereblood         |       |       |       |       |       |     4 |     3 |       |       ||     7
       Dragon Form       |       |       |       |       |       |     1 |       |       |       ||     1
       Iron Shot         |       |       |       |       |       |     1 |     3 |       |       ||     4
       Spellforged Servi |       |       |       |       |       |       |   111 |   109 |   171 ||   391
       Dispersal         |       |       |       |       |       |       |     1 |     1 |     5 ||     7
       Death Channel     |       |       |       |       |       |       |       |     3 |    94 ||    97
       Monstrous Menager |       |       |       |       |       |       |       |       |    18 ||    18
       Necromutation     |       |       |       |       |       |       |       |       |    94 ||    94
Invok: Slouch            |       |       |     3 |     1 |       |     3 |       |     5 |       ||    12
       Step From Time    |       |       |       |       |       |       |       |     4 |       ||     4
 Abil: Breathe Fire      |       |       |       |       |       |     1 |       |       |       ||     1
Evoke: Wand              |       |       |     5 |     7 |     9 |    62 |    10 |    12 |     6 ||   111
       Phial of floods   |       |       |       |       |       |     2 |       |       |       ||     2
       Phantom mirror    |       |       |       |       |       |       |     2 |     3 |     3 ||     8
       Box of beasts     |       |       |       |       |       |       |     1 |     1 |     2 ||     4
       Condenser vane    |       |       |       |       |       |       |       |     2 |     2 ||     4
       Tin of tremorston |       |       |       |       |       |       |       |     1 |     5 ||     6
  Use: Potion            |       |     3 |       |     1 |     2 |    15 |       |    22 |     1 ||    44
       Scroll            |       |       |     8 |    14 |     8 |     8 |     5 |    16 |    19 ||    78
 Stab: Distracted        |     1 |       |       |     4 |    18 |    24 |    11 |    25 |   129 ||   212
       Sleeping          |       |       |     3 |    22 |    18 |    11 |    23 |    11 |    12 ||   100
       Paralysed         |       |       |     1 |       |       |       |       |     3 |     1 ||     5
       Petrified         |       |       |       |       |     2 |       |       |       |       ||     2
       Invisible         |       |       |       |       |       |       |       |     8 |       ||     8
       Confused          |       |       |       |       |       |       |       |     1 |     2 ||     3
Armor: Leather armour    |    11 |       |       |       |       |       |       |       |       ||    11
       Ring mail         |    11 |    33 |    52 |       |       |       |       |       |       ||    96
       Plate armour      |       |       |    51 |    52 |       |       |       |       |       ||   103
       Steam dragon scal |       |       |       |   106 |   221 |   153 |   174 |   197 |   142 ||   993
       Swamp dragon scal |       |       |       |       |       |   119 |       |       |       ||   119
       Chain mail        |       |       |       |       |       |       |       |       |   335 ||   335
       Shadow dragon sca |       |       |       |       |       |       |       |       |   123 ||   123
Dodge: Dodged            |    55 |    77 |   207 |   397 |   786 |   886 |   695 |   941 |  2095 ||  6139
Block: Buckler           |       |       |       |   321 |   622 |   724 |   596 |   726 |  1586 ||  4575
       Reflection        |       |       |       |    17 |    85 |   113 |   102 |    21 |   137 ||   475
